 Dungeon Crawl Stone Soup version 0.30-a0-29-g142975f185 (webtiles) character file.

Game seed: 10549209467064834685

3015 Goaboa the Conjurer (level 9, -2/75 HPs)
             Began as a Purple Draconian Conjurer on Aug 25, 2022.
             Was an Elder of Nemelex Xobeh.
             Slain by a sky beast (6 damage)
             ... on level 7 of the Dungeon on Aug 26, 2022.
             The game lasted 00:58:42 (7568 turns).

Goaboa the Conjurer (Purple Draconian Conjurer)     Turns: 7568, Time: 00:58:42

Health: -2/75      AC:  8    Str:  9    XL:     9   Next: 55%
Magic:  5/18       EV: 13    Int: 24    God:    Nemelex Xobeh [****..]
Gold:   190        SH:  0    Dex:  9    Spells: 4/20 levels left

rFire   . . .      SeeInvis .    w - +3 spear
rCold   . . .      Faith    +    n - orb {guile}
rNeg    . . .      Spirit   .    (body armour unavailable)
rPois   .          Reflect  .    (helmet restricted)
rElec   .          Harm     .    C - +0 cloak
rCorr   +          Rampage  .    (no gloves)
Will    .....                    (no boots)
Stlth   ++........               e - amulet of faith
HPRegen 0.22/turn                x - ring of resist corrosion
MPRegen 0.16/turn                (no ring)

@: attractive
A: breathe power, AC +7, unfitting armour, cold-blooded
a: Breathe Dispelling Energy, Renounce Religion, Draw Escape, Draw Destruction,
Draw Summoning, Triple Draw, Deal Four


You were on level 7 of the Dungeon.
You worshipped Nemelex Xobeh.
Nemelex Xobeh was greatly pleased with you.
You visited 1 branch of the dungeon, and saw 7 of its levels.

You collected 298 gold pieces.
You spent 108 gold pieces at shops.

Inventory:

Hand Weapons
 f - a +0 dagger
 w - a +3 spear (weapon)
Missiles
 d - 17 poisoned darts
 z - 3 atropa-tipped darts
Armour
 n - an orb of guile (worn)
 C - a +0 cloak (worn)
Jewellery
 e - an amulet of faith (around neck)
 x - a ring of resist corrosion (left hand)
Wands
 B - a wand of digging (7)
Scrolls
 b - 6 scrolls of identify {unknown}
 g - a scroll of silence {unknown}
 i - a scroll of enchant armour {unknown}
 l - a scroll of vulnerability {unknown}
 m - a scroll of poison {unknown}
 o - 2 scrolls of magic mapping {unknown}
 p - a scroll of brand weapon {unknown}
 q - 2 scrolls of blinking {unknown}
 s - 2 scrolls of butterflies {unknown}
 t - 2 scrolls of teleportation {unknown}
 y - 2 scrolls of immolation {unknown}
Potions
 a - a potion of magic
 c - a potion of heal wounds {unknown}
 h - 3 potions of curing {unknown}
 j - 3 potions of flight {unknown}
 k - a potion of haste {unknown}
 r - 2 potions of attraction
 u - a potion of berserk rage {unknown}
 v - a potion of lignification {unknown}
 A - 2 potions of degeneration {unknown}


   Skills:
 + Level 5.8 Fighting
 + Level 5.4 Dodging
 - Level 1.7 Stealth
 + Level 6.4 Spellcasting
 + Level 6.5 Conjurations
 + Level 4.5 Hexes
 + Level 2.8 Air Magic
 + Level 5.8 Invocations


You had 4 spell levels left.
You knew the following spells:

 Your Spells              Type           Power      Damage    Failure   Level
a - Magic Dart            Conj           100%       1d8       1%          1
b - Searing Ray           Conj           78%        2d7       1%          2
c - Shock                 Conj/Air       100%       1d9       1%          1
d - Dazzling Flash        Conj/Hex       68%        N/A       2%          3
e - Tukima's Dance        Hex            29%        N/A       3%          3
f - Swiftness             Air            21%        N/A       7%          3
g - Mephitic Cloud        Conj/Pois/Air  22%        N/A       6%          3

Your spell library contained the following spells:

 Spells                   Type           Power      Damage    Failure   Level
 Fulminant Prism          Conj/Hex       17%        3d11      8%          4
 Sublimation of Blood     Necr           7%         N/A       12%         2
 Wereblood                Tmut           7%         N/A       12%         2
 Iskenderun's Mystic Bla  Conj/Tloc      23%        2d6       21%         4
 Frozen Ramparts          Ice            14%        1d3       22%         3
 Ignite Poison            Fire/Tmut/Pois 7%         N/A       22%         3
 Airstrike                Air            10%        2d(2-18)  24%         4
 Ice Form                 Ice/Tmut       7%         N/A       58%         4
 Passage of Golubria      Tloc           7%         N/A       58%         4
 Summon Ice Beast         Ice/Summ       7%         N/A       58%         4
 Freezing Cloud           Conj/Ice/Air   11%        6-21      50%         5
 Yara's Violent Unravell  Hex/Tmut       9%         3d6       63%         5
 Summon Hydra             Summ           3%         N/A       100%        7


Dungeon Overview and Level Annotations

Branches:
Dungeon (7/15)
 Temple: D:4-7

Altars:
Ashenzari
Hepliaklqana
Kikubaaqudgha
Nemelex Xobeh
Okawaru
Qazlal
Sif Muna
Uskayaw
Vehumet
Xom
Yredelemnul
The Shining One

Shops:
D:2 [   D:6 *[

Annotations:
D:6 3 runed translucent doors, dittoslash's ghost, novice OgBe


Innate Abilities, Weirdness & Mutations

You can breathe bolts of dispelling energy.
Your rich purple scales are hard. (AC +7)
You cannot fit into any form of body armour.
You are cold-blooded and may be slowed by cold attacks.


Message History

You feel attractive to monsters.
Your basilisk barely misses the steam dragon.
Your ice beast closely misses the sky beast.
The sky beast flickers out of sight!
Deactivating autopickup; reactivate with Ctrl-A.
Something hits you.
* * * LOW HITPOINT WARNING * * *
Something shocks you.
* * * LOW HITPOINT WARNING * * *
The steam dragon attacks as you move away!
The steam dragon closely misses you.
The steam dragon claws you but does no damage.
Your basilisk gazes at the steam dragon.
The steam dragon is moving more slowly.
The steam dragon bites your ice beast! The steam dragon claws your ice beast.
Something barely misses your ice beast.
Your basilisk bites the steam dragon.
Your raiju bites the steam dragon but does no damage.
Your ice beast hits the steam dragon.
Your ice beast freezes the steam dragon!
The steam dragon closely misses your ice beast.
The steam dragon barely misses your ice beast.
Something hits your ice beast. Something shocks your ice beast.
Something is attracted toward you.
The steam dragon is attracted toward you.
Your ice beast hits the steam dragon.
Your ice beast freezes the steam dragon.
The steam dragon bites your ice beast. The steam dragon claws your ice beast.
The steam dragon is attracted toward you.
Okay, then.
You draw a card...
You have drawn Wild Magic.
There is a sudden explosion of magical energy.
The steam dragon bobs in the air for a moment!
You feel a surge of magic.
You feel your power returning.
Your ice beast hits the steam dragon.
The steam dragon dies!
Something hits you.
* * * LOW HITPOINT WARNING * * *
Something shocks you.
You die...
Your body glows slightly and disappears.

#.#.# #..<#
#####
###.##....#
#.)#....#
##h#ยง...#
#lY...?#
##.....###
#..!.$...
#@.:...##
#.##..##
.>. .##
##### #


You could see a friendly raiju (summoned), a friendly basilisk (summoned) and a
friendly ice beast (summoned).

Vanquished Creatures
  Grinder (D:6)
  A fire bat (D:6)
  A human (D:6)
  A golden eye (D:6)
  An acid dragon (D:6)
  An orc warrior (D:7)
  A black bear (D:6)
  An ogre (D:6)
  A phantom (D:6)
  A necrophage (D:5)
  Blork the orc (D:4)
  A scorpion (D:6)
  A gnoll sergeant (D:6)
  5 wights (D:6)
  A howler monkey (D:4)
  A bullfrog zombie (D:6)
  3 hounds
  2 jellies
  3 orc priests (D:6)
  2 iron imps (D:6)
  Natasha (twice) (D:4)
  2 iguanas
  2 orc wizards (D:6)
  A killer bee zombie (D:6)
  15 gnolls
  8 adders
  2 shadow imps
  A white imp (D:6)
  A worm (D:6)
  A dart slug (D:6)
  17 orcs
  4 ball pythons
  8 bats
  3 endoplasms
  7 giant cockroaches
  6 goblins
  10 hobgoblins
  4 quokkas (D:4)
  6 frilled lizards
  12 kobolds
  4 rats
146 creatures vanquished.

Vanquished Creatures (collateral kills)
  Pikel (D:5)
  Eustachio (D:4)
  A steam dragon (D:7)
  5 gnolls (D:2)
  An ufetubus (D:6)
  An orc (D:6)
  An endoplasm (D:2)
  A ball python (D:2)
12 creatures vanquished.

Vanquished Creatures (others)
  A dancing weapon (D:6)
  3 fungi (D:1)
  13 plants
17 creatures vanquished.

Grand Total: 175 creatures vanquished

Notes
Turn   | Place    | Note
-------+----------+-------------------------------------------
     0 | D:1      | Goaboa the Draconian Conjurer began the quest for the Orb.
     0 | D:1      | Reached XP level 1. HP: 14/14 MP: 3/3
   178 | D:1      | Reached XP level 2. HP: 20/22 MP: 0/5
   486 | D:1      | Found a faded altar of an unknown god.
   502 | D:1      | Learned a level 2 spell: Searing Ray
   504 | D:1      | Learned a level 1 spell: Shock
   860 | D:1      | Prayed at the altar of an unknown god.
   860 | D:1      | Became a worshipper of Nemelex Xobeh the Trickster
   860 | D:1      | Reached * piety under Nemelex Xobeh
  1012 | D:2      | Received a gift from Nemelex Xobeh
  1014 | D:2      | Reached XP level 3. HP: 27/27 MP: 4/6
  1188 | D:2      | Found Lorph's Antique Armour Boutique.
  1468 | D:2      | Reached ** piety under Nemelex Xobeh
  1481 | D:2      | Reached skill level 1 in Fighting
  1488 | D:2      | Reached XP level 4. HP: 27/35 MP: 1/7
  1530 | D:2      | Reached skill level 1 in Air Magic
  1530 | D:2      | Reached skill level 1 in Invocations
  1861 | D:2      | Received a gift from Nemelex Xobeh
  2477 | D:2      | Reached XP level 5. HP: 37/41 MP: 0/9
  2594 | D:3      | Received a gift from Nemelex Xobeh
  2641 | D:3      | Found a broken altar of Ashenzari.
  2856 | D:3      | Found a hazy altar of Hepliaklqana.
  2979 | D:3      | Found a glowing golden altar of the Shining One.
  3078 | D:3      | Found a shimmering blue altar of Sif Muna.
  3101 | D:3      | Found an iron altar of Okawaru.
  3460 | D:4      | Noticed Natasha
  3461 | D:4      | Noticed Blork the orc
  3464 | D:4      | Noticed Natasha
  3464 | D:4      | Natasha changed into Natasha the jelly
  3466 | D:4      | Killed Natasha the jelly
  3481 | D:4      | Killed Blork the orc
  3482 | D:4      | Reached XP level 6. HP: 35/50 MP: 0/10
  3690 | D:4      | Noticed Eustachio
  3696 | D:4      | Killed Eustachio
  3837 | D:4      | Noticed Natasha
  3844 | D:4      | Killed Natasha
  3845 | D:4      | Your scales start taking on a rich purple colour.
  3845 | D:4      | Reached XP level 7. HP: 57/57 MP: 2/13
  3849 | D:4      | Learned a level 3 spell: Dazzling Flash
  3913 | D:4      | Noticed Natasha
  3920 | D:4      | Killed Natasha
  4203 | D:4      | Found a shimmering altar of Xom.
  4433 | D:3      | Found a hide-covered altar of Uskayaw.
  4487 | D:5      | Entered Level 5 of the Dungeon
  4526 | D:5      | Received a gift from Nemelex Xobeh
  4566 | D:5      | Reached *** piety under Nemelex Xobeh
  5002 | D:5      | Found an ancient bone altar of Kikubaaqudgha.
  5113 | D:5      | Reached skill level 5 in Conjurations
  5150 | D:5      | Received a gift from Nemelex Xobeh
  5182 | D:5      | Found a radiant altar of Vehumet.
  5286 | D:5      | Reached skill level 1 in Hexes
  5658 | D:6      | Found Vigigge's Assorted Antiques.
  5790 | D:6      | Noticed a human
  5790 | D:6      | a water moccasin changed into a human
  5790 | D:6      | Noticed a golden eye
  5790 | D:6      | a black bear changed into a golden eye
  5790 | D:6      | Noticed a fire bat
  5790 | D:6      | a water moccasin changed into a fire bat
  5791 | D:6      | Killed a golden eye
  5791 | D:6      | Killed a human
  5791 | D:6      | Killed a fire bat
  5792 | D:6      | Reached skill level 5 in Spellcasting
  5792 | D:6      | Reached XP level 8. HP: 67/67 MP: 6/16
  5915 | D:6      | Found a stormy altar of Qazlal.
  6057 | D:6      | Noticed Pikel
  6304 | D:5      | Upgraded the game from 0.30-a0-25-gacc37e2db0 to
                  | 0.30-a0-29-g142975f185
  6319 | D:5      | Killed Pikel
  6320 | D:5      | Reached skill level 5 in Fighting
  6320 | D:5      | Reached skill level 5 in Dodging
  6320 | D:5      | Reached skill level 5 in Invocations
  6320 | D:5      | Reached XP level 9. HP: 74/74 MP: 13/17
  6523 | D:6      | Noticed Grinder
  6536 | D:6      | Killed Grinder
  6541 | D:6      | Learned a level 3 spell: Tukima's Dance
  6545 | D:6      | Learned a level 3 spell: Swiftness
  7093 | D:6      | Found Pauwaimn's Antique Armour Emporium.
  7209 | D:6      | Bought a cloak for 108 gold pieces
  7347 | D:6      | Found a runed translucent gate.
  7347 | D:6      | Found a runed translucent gate.
  7347 | D:6      | Noticed dittoslash's ghost (novice OgBe)
  7352 | D:6      | Found a runed translucent gate.
  7355 | D:6      | Found a basalt altar of Yredelemnul.
  7372 | D:6      | Learned a level 3 spell: Mephitic Cloud
  7513 | D:6      | Received a gift from Nemelex Xobeh
  7553 | D:7      | Reached **** piety under Nemelex Xobeh
  7568 | D:7      | Slain by a sky beast

Illustrated notes

Levels and vault maps discovered:
D:1:      dpeg_arrival_fog, layout_basic,
          shapermc_ecumenical_altar_mp_ritualfount, chequers_garden
D:2:      wad_woods_pond, layout_basic, serial_shops, shop
D:3:      layout_rooms, mainiacjoe_overflow_24_doors,
          nicolae_overflow_crystal_walls, ashenzari_conservatory_becter,
          nicolae_overflow_hidden_temple, wander_ebering_terrifying_dragon_lair
D:4:      layout_rooms, mainiacjoe_overflow_boulevard, portal_sewer_entry_f,
          uniq_natasha, uniq_blork_the_orc, uniq_eustachio
D:5:      layout_basic, general_overflow_altar,
          nicolae_kikubaaqudgha_miasma_corner
D:6:      layout_loops_ring, nicolae_yredelemnul_ghost_church,
          grunt_qazlal_sundering, serial_shops, nicolae_shop_advertising_works
          [nicolae_subvault_shop_adworks], nicolae_shop_trees, shop, shop,
          nicolae_ossuary_entry_plus, st_stairs_12, small_statue_intersection,
          eino_small_chamber_without_monster, minmay_joined_circles,
          uniq_crazy_yiuf_cottage, uniq_pikel, uniq_grinder
D:7:      layout_basic, minmay_temple_entry_sparse_star, enter_bailey_2

Skill      XL: |  1  2  3  4  5  6  7  8  9 |
---------------+----------------------------+-----
Dodging        | 2 3 4 5 |  5.4
Fighting       | 1 2 3 4 5 |  5.8
Air Magic      | 1 2 |  2.8
Invocations    | 1 2 3 4 5 |  5.8
Spellcasting   | 3 4 5 6 |  6.4
Conjurations   | 5 6 |  6.5
Hexes          | 2 3 4 |  4.5
Stealth        | |  1.7

Action                   |  1- 3 |  4- 6 |  7- 9 || total
-------------------------+-------+-------+-------++-------
Melee: Dagger            |     2 |     7 |       ||     9
       Unarmed           |     2 |       |       ||     2
       Tailslap          |     1 |     1 |     3 ||     5
       Spear             |       |       |    30 ||    30
       Punch             |       |       |     1 ||     1
 Cast: Magic Dart        |    50 |    89 |    72 ||   211
       Shock             |     4 |       |     2 ||     6
       Searing Ray       |     1 |     4 |    26 ||    31
       Dazzling Flash    |       |       |    11 ||    11
       Tukima's Dance    |       |       |     7 ||     7
       Mephitic Cloud    |       |       |     3 ||     3
       Swiftness         |       |       |     1 ||     1
Invok: Draw Destruction  |     1 |     4 |     9 ||    14
       Draw Summoning    |     1 |     3 |     5 ||     9
       Triple Draw       |       |       |     1 ||     1
 Abil: Breathe Dispellin |       |       |     2 ||     2
  Use: Potion            |       |       |     1 ||     1
 Stab: Invisible         |       |       |     1 ||     1
Armor: Skin              |     5 |     9 |    30 ||    44
Dodge: Dodged            |    15 |    25 |    80 ||   120

Table legend: (Time is in decaauts)
 A = Elapsed time spent in this place.
 B = Non-inter-level travel time spent in this place.
 C = Inter-level travel time spent in this place.
 D = Time resting spent in this place.
 E = Time spent auto-exploring this place.
 F = Levels seen in this place.
 G = Mean time per level.
                   A        B        C        D        E       F      G
               +--------+--------+--------+--------+--------+-----+--------+
         Total |   7580 |   7321 |    259 |    847 |   5181 |   7 | 1082.9 |
       Dungeon |   7580 |   7321 |    259 |    847 |   5181 |   7 | 1082.9 |
               +--------+--------+--------+--------+--------+-----+--------+

Top non-repeatable levels by time:
     D:2: 1611 daAuts
     D:6: 1575 daAuts
     D:5: 1490 daAuts
     D:3: 1013 daAuts
     D:4: 976 daAuts
     D:1: 898 daAuts
     D:7: 14 daAuts
